 Dungeon Crawl Stone Soup version 0.14-a0-426-gb52781e (webtiles) character file.

9356 Leibowitz the Nimble (level 11, -1/65 (66) HPs)
             Began as a Kobold Fighter on Oct 29, 2013.
             Was an Elder of Okawaru.
             Slain by an unseen horror (6 damage)
             ... on Level 10 of the Dungeon.
             The game lasted 01:00:38 (15183 turns).

Leibowitz the Nimble (Kobold Fighter)              Turns: 15183, Time: 01:00:38

HP  -1/65 (66)   AC  4     Str 16      XL: 11   Next: 63%
MP  20/21        EV 30     Int  6      God: Okawaru [****..]
Gold 489         SH 17     Dex 18      Spells:  0 memorised, 10 levels left

Res.Fire  : . . .   See Invis. : .   a - +2,+3 dwarf short sword (venom)
Res.Cold  : + . .   Warding    : .   r - +0 elf robe {rC+}
Life Prot.: . . .   Conserve   : .   c - +0 buckler
Res.Poison: .       Res.Corr.  : .   (no helmet)
Res.Elec. : .       Clarity    : .   g - +0 cloak
Sust.Abil.: . .     Spirit.Shd : .   (no gloves)
Res.Mut.  : .       Stasis     : .   (no boots)
Res.Rott. : .       Flight     : .   (no amulet)
Saprovore : + + .                    o - ring of flight
                                     t - ring of magical power

@: heroism, quite resistant to hostile enchantments, extraordinarily stealthy
A: disease resistance, carnivore 3, magic resistance 1, saprovore 2
a: Heroism, Renounce Religion, Evoke Flight


You were on level 10 of the Dungeon.
You worshipped Okawaru.
Okawaru was greatly pleased with you.
You were not hungry.

You visited 2 branches of the dungeon, and saw 11 of its levels.
You also visited: Sewer and Ossuary.

You collected 469 gold pieces.

Inventory:

Hand weapons
 a - a +2,+3 dwarven short sword of venom (weapon)
 b - a +0 blowgun
 m - a +2,+4 orcish dagger
 s - a +2,+2 elven sabre of speed
Missiles
 f - 10 curare-tipped needles
 k - 43 poisoned needles
 n - 2 poisoned darts
 u - a tomahawk (quivered)
Armour
 c - a +0 buckler (worn)
 g - a +0 cloak (worn)
 r - a +0 elven robe of cold resistance (worn)
Magical devices
 i - a wand of magic darts (9)
 p - a wand of confusion (5)
 q - a wand of paralysis (8)
 w - a wand of heal wounds (2)
 z - a wand of invisibility (1)
 A - a wand of fire (3)
Comestibles
 d - 8 meat rations
 F - 10 cheeses
Scrolls
 e - 5 scrolls of remove curse
 h - 2 scrolls of fear
 j - 11 scrolls of identify {unknown}
 y - a scroll of amnesia
Jewellery
 o - a ring of flight (right hand)
 t - a ring of magical power (left hand)
Potions
 l - a potion of resistance
 v - 3 potions of speed
 x - a potion of flight
 D - 3 potions of curing
 G - 2 potions of brilliance


   Skills:
 * Level 7.9(12.9) Fighting
 + Level 7.7(12.7) Short Blades
 + Level 4.1(9.1) Armour
 * Level 12.3(17.3) Dodging
 * Level 9.3(14.3) Stealth
 * Level 6.7(11.7) Shields
 + Level 0.4 Invocations
 + Level 1.3 Evocations


You had 10 spell levels left.
You didn't know any spells.

Dungeon Overview and Level Annotations

Branches:
Dungeon (10/27)            Temple (1/1) D:7             Orc (0/4) D:10
   Lair: D:8-13

Altars:
Ashenzari
Cheibriados
Elyvilon
Fedhas
Kikubaaqudgha
Makhleb
Nemelex Xobeh
Okawaru
Sif Muna
Trog
Vehumet
Xom
Yredelemnul
Zin
the Shining One

Shops:
D:5 (   D:6 (   D:9 !   D:10 }

Annotations:
D:4 Leibowitz's ghost, average KoFi
D:5 4tharraofdagon's ghost, average DjBe
D:6 Eustachio; Grinder; Menkaure
D:7 exclusion: ice statue


Innate Abilities, Weirdness & Mutations

You recuperate from illness quickly.
You are small and have problems with some larger weapons.
You are carnivorous and can eat meat at any time.
You can eat rotten meat.
You are resistant to hostile enchantments.


Message History

You closely miss it. It misses you. It misses you.
You hit it. It hits you.
You closely miss it. It barely misses you. It closely misses you.
You hit it but do no damage. It barely misses you.
You closely miss it. It hits you! It misses you.
You hit it but do no damage. It misses you.
Use which ability? (? or * to list)
You gain the combat prowess of a mighty hero.
You feel slightly more hungry. It misses you. It hits you.
* * * LOW HITPOINT WARNING * * *
You block its attack. It completely misses you. It hits you.
* * * LOW HITPOINT WARNING * * *
It hits you!
* * * LOW HITPOINT WARNING * * *
It barely misses you.
You hit it. It hits you.
You die...

#.?..(.............>.......
#..........................
#....#.#...................
#...##.##..................
#...#...#..#############...
######..##...##.# #...
#≈......#..≈..#.# #...
#≈#......#.≈≈≈.#.# #...
≈##......#.≈≈≈.#@# #...
≈≈#......#.≈≈≈.#.# #...
≈≈.......#..≈..#.# #...
≈≈#......##(.%##.# #...
;##.......#####..# #...
≈##..............# #...
###.............## #...
#######.......# #...
#.......# #...


There were no monsters in sight!

Vanquished Creatures
  Pikel (D:6)
  A hill giant (D:9)
  Joseph (D:7)
  A cyclops (D:9)
  An elephant (D:9)
  A hydra zombie (D:9)
  A troll (D:10)
  Prince Ribbit (D:7)
  A two-headed ogre (D:10)
  A shark (D:10)
  A yak (D:9)
  Grum (D:9)
  4 hippogriffs
  3 wolves (D:9)
  Edmund (D:9)
  A manticore (D:9)
  A soldier ant (D:10)
  An orc warrior (D:7)
  A necrophage (D:9)
  An ogre (D:5)
  A phantom (D:9)
  2 sky beasts
  2 centaurs
  3 crocodiles
  Sigmund (D:7)
  Duvessa (D:9)
  3 wargs (D:10)
  Blork the orc (D:8)
  4 giant frogs
  An agate snail (D:9)
  8 killer bees
  A human zombie (Ossuary)
  A jelly (D:3)
  A jellyfish (D:10)
  4 electric eels (D:10)
  4 hounds
  2 goliath beetles
  A yellow wasp zombie (D:6)
  A big fish (D:10)
  Dowan (D:9)
  5 crimson imps
  A gnoll shaman (D:4)
  10 scorpions
  A centaur zombie (Ossuary)
  2 orc priests
  2 iguanas
  A black bear skeleton (D:7)
  14 orc wizards
  An orange rat (D:7)
  6 worker ants
  A big kobold zombie (Ossuary)
  3 sheep (D:9)
  Ijyb (D:3)
  A crocodile skeleton (D:10)
  An ogre skeleton (D:9)
  Terence (D:3)
  3 mummies (Ossuary)
  12 adders
  3 green rats (D:7)
  5 gnolls
  2 inept feature mimics
  A giant centipede (D:9)
  2 giant mites
  An inept item mimic (D:5)
  A white imp (D:10)
  A worm (D:8)
  4 scorpion zombies (Ossuary)
  4 grey rats (D:7)
  2 giant eyeballs
  6 giant geckos
  3 oozes
  28 orcs
  3 ball pythons
  23 bats
  6 giant cockroaches
  A gnoll zombie (Ossuary)
  8 goblins
  16 hobgoblins
  2 jackals (D:9)
  6 giant newts
  A hobgoblin skeleton (D:4)
  12 kobolds
  4 kobold zombies (Ossuary)
  4 orc zombies
  3 quokkas
  18 rats
304 creatures vanquished.

Vanquished Creatures (others)
  A plant (D:10)
1 creature vanquished.

Grand Total: 305 creatures vanquished

Notes
Turn   | Place    | Note
--------------------------------------------------------------
     0 | D:1      | Leibowitz, the Kobold Fighter, began the quest for the Orb.
     0 | D:1      | Reached XP level 1. HP: 14/14 MP: 0/0
   193 | D:1      | Reached XP level 2. HP: 19/19 MP: 1/1
   849 | D:2      | Reached XP level 3. HP: 18/24 MP: 2/2
  1006 | D:2      | Found a basalt altar of Yredelemnul.
  1015 | D:2      | Found a burning altar of Makhleb.
  1725 | D:3      | Noticed a giant frog
  1732 | D:3      | Killed a giant frog
  1732 | D:3      | Reached skill level 1 in Dodging
  1732 | D:3      | Reached skill level 1 in Stealth
  1732 | D:3      | Reached XP level 4. HP: 7/28 MP: 3/3
  1732 | D:3      | Reached XP level 5. HP: 8/33 MP: 4/4
  2080 | D:3      | Noticed Ijyb
  2171 | D:3      | Killed Ijyb
  3389 | D:3      | Noticed a centaur
  3414 | D:3      | Killed a centaur
  3414 | D:3      | Reached XP level 6. HP: 23/38 MP: 5/5
  3421 | D:3      | Reached skill level 4 in Fighting
  3429 | D:3      | Noticed Terence
  3437 | D:3      | Killed Terence
  3763 | D:4      | Found a glowing drain.
  3790 | D:4      | Reached XP level 7. HP: 13/43 MP: 6/6
  3934 | Sewer    | Entered a sewer
  5050 | D:4      | Found a sparkling altar of Nemelex Xobeh.
  5098 | D:4      | Noticed Leibowitz's ghost (average KoFi)
  5131 | D:5      | Entered Level 5 of the Dungeon
  5233 | D:5      | Reached skill level 5 in Dodging
  5233 | D:5      | Reached XP level 8. HP: 24/48 MP: 7/7
  5296 | D:5      | Noticed 4tharraofdagon's ghost (average DjBe)
  5677 | D:5      | Found Dithryaph's Weapon Shoppe.
  5720 | D:5      | Found a sand-covered staircase.
  5726 | Ossuary  | Entered an ossuary
  6075 | Ossuary  | Reached skill level 5 in Fighting
  6813 | Ossuary  | Reached skill level 6 in Dodging
  7843 | D:6      | Noticed Eustachio
  7843 | D:6      | Noticed Pikel
  7970 | D:6      | Noticed Grinder
  8016 | D:6      | Paralysed by a giant eyeball for 4 turns
  8027 | D:6      | Paralysed by a giant eyeball for 3 turns
  8125 | D:6      | Reached skill level 5 in Stealth
  8350 | D:6      | Found Stuesaeph's Weapon Boutique.
  8365 | D:6      | Reached XP level 9. HP: 49/54 MP: 8/8
  8393 | D:6      | HP: 2/54 [Pikel/whip of flaming (12)]
  8394 | D:6      | Killed Pikel
  8394 | D:6      | Reached skill level 5 in Short Blades
  8394 | D:6      | Reached skill level 7 in Dodging
  8394 | D:6      | Reached skill level 1 in Evocations
  8608 | D:6      | Noticed Menkaure
  9211 | D:7      | Reached skill level 8 in Dodging
  9513 | D:7      | Noticed Sigmund
  9542 | D:7      | Killed Sigmund
  9617 | D:7      | Found a staircase to the Ecumenical Temple.
  9626 | Temple   | Entered the Ecumenical Temple
  9758 | Temple   | Became a worshipper of Warmaster Okawaru
 10051 | D:7      | Noticed Joseph
 10080 | D:7      | Killed Joseph
 10080 | D:7      | Reached skill level 9 in Dodging
 10080 | D:7      | Reached skill level 5 in Shields
 10080 | D:7      | Reached XP level 10. HP: 28/60 MP: 10/10
 10201 | D:7      | Noticed Prince Ribbit
 10222 | D:7      | Killed Prince Ribbit
 10566 | D:7      | Noticed an ice statue
 10587 | D:7      | Gained mutation: You evolve. [potion of mutation]
 10587 | D:7      | Gained mutation: You are resistant to hostile enchantments. [potion of mutation]
 10587 | D:7      | Lost mutation: You evolve. [potion of mutation]
 10836 | D:8      | Noticed Blork the orc
 10863 | D:8      | Killed Blork the orc
 10870 | D:8      | Acquired Okawaru's first power
 11036 | D:8      | Reached skill level 10 in Dodging
 11942 | D:9      | Found Shrueboa's Distillery.
 12062 | D:9      | Noticed Edmund
 12106 | D:9      | Killed Edmund
 12161 | D:9      | Noticed Duvessa
 12312 | D:9      | Noticed Dowan
 12330 | D:9      | Killed Dowan
 12355 | D:9      | Killed Duvessa
 12502 | D:9      | Found a staircase to the Lair.
 12503 | D:9      | Noticed an elephant
 12535 | D:9      | Killed an elephant
 12586 | D:9      | Reached skill level 11 in Dodging
 12777 | D:9      | Reached XP level 11. HP: 65/65 MP: 11/11
 12786 | D:9      | Noticed a cyclops
 12831 | D:9      | Killed a cyclops
 12883 | D:9      | Paralysed by a giant eyeball for 2 turns
 12927 | D:9      | Noticed Grum
 12954 | D:9      | Killed Grum
 13032 | D:9      | Noticed a hill giant
 13039 | D:9      | Killed a hill giant
 13343 | D:9      | the staircase to the Lair was a mimic.
 13385 | D:10     | Entered Level 10 of the Dungeon
 13434 | D:10     | Reached skill level 12 in Dodging
 13579 | D:10     | Found a staircase to the Orcish Mines.
 14775 | D:10     | Found Gimp's Gadget Shoppe.
 15183 | D:10     | Slain by an unseen horror

Action                   |  1- 3 |  4- 6 |  7- 9 | 10-12 || total
-------------------------+-------+-------+-------+-------++-------
Melee: Short sword       |    67 |   231 |   577 |   593 ||  1468
       Dagger            |    51 |       |       |       ||    51
       Sabre             |       |       |       |    48 ||    48
 Fire: Blowgun           |       |     1 |    32 |    21 ||    54
Throw: Dart              |     2 |     4 |       |     4 ||    10
Invok: Heroism           |       |       |       |     4 ||     4
Evoke: Wand              |       |       |     8 |     7 ||    15
  Use: Potion            |       |     5 |     5 |    12 ||    22
       Scroll            |       |       |     8 |    10 ||    18
 Stab: Sleeping          |       |       |     9 |    17 ||    26
       Confused          |       |       |     2 |       ||     2
       Distracted        |       |       |     1 |       ||     1
       Paralysed         |       |       |       |     1 ||     1
       Invisible         |       |       |       |     1 ||     1
